 Dungeon Crawl Stone Soup version 0.14-a0-1403-g5d3c58f (webtiles) character file.

317 PolkaDot the Cutter (level 5, 0/41 HPs)
             Began as a Vampire Death Knight on Dec 10, 2013.
             Was a Believer of Yredelemnul.
             Succumbed to a kobold's poison
             ... on Level 3 of the Dungeon.
             The game lasted 00:10:23 (2739 turns).

PolkaDot the Cutter (Vampire Death Knight)          Turns: 2739, Time: 00:10:23

HP   0/41        AC  4     Str 12      XL: 5   Next: 45%
MP   4/6         EV 12     Int 13      God: Yredelemnul [**....]
Gold 121         SH  0     Dex 14      Spells:  0 memorised,  4 levels left

rFire  . . .     SeeInvis +     a - +1 short sword
rCold  . . .     Clarity  .     b - +0 leather armour
rNeg   + . .     Conserve .     (no shield)
rPois  .         rCorr    +     (no helmet)
rElec  .         rRot     .     f - +0 elf cloak
SustAb . .       Spirit   .     (no gloves)
rMut   .         Warding  .     (no boots)
Saprov . . .     Stasis   .     n - amulet of resist corrosion {unknown}
                                (no ring)
                                (no ring)

@: very poisoned, slightly resistant to hostile enchantments, unstealthy
A: fangs 3, see invisible, unbreathing
a: Bat Form, Animate Remains, Recall Undead Slaves, Injury Mirror, Renounce
Religion


You were on level 3 of the Dungeon.
You worshipped Yredelemnul.
Yredelemnul was pleased with you.
You were not thirsty.

You visited 1 branch of the dungeon, and saw 3 of its levels.

You collected 121 gold pieces.

Inventory:

Hand weapons
 a - a +1,+1 short sword (weapon)
Armour
 b - a +0 leather armour (worn)
 c - a +0 elven ring mail
 f - a +0 elven cloak (worn)
 o - a +0 elven ring mail
Scrolls
 d - 3 scrolls of remove curse {unknown}
 e - 2 scrolls of blinking {unknown}
 g - 3 scrolls of identify {unknown}
 h - a scroll of amnesia {unknown}
 i - 3 scrolls of magic mapping {unknown}
 j - a scroll of recharging {unknown}
 k - a scroll of immolation {unknown}
 l - 2 scrolls of teleportation {unknown}
 m - 2 scrolls of enchant armour {unknown}
Jewellery
 n - an amulet of resist corrosion (around neck) {unknown}


   Skills:
 + Level 3.3 Fighting
 - Level 4.0 Short Blades
 - Level 0.7 Armour
 * Level 3.4 Dodging
 - Level 2.4 Invocations


You had 4 spell levels left.
You didn't know any spells.

Dungeon Overview and Level Annotations

Branches:
Dungeon (3/16)

Altars:


Innate Abilities, Weirdness & Mutations

You have razor-sharp teeth.*
You have supernaturally acute eyesight.
You can survive without breathing.*


Message History

Yredelemnul accepts your kill.
* * * LOW HITPOINT WARNING * * *
You feel very sick. The kobold closely misses you.
You hit the kobold.
You kill the kobold!
Yredelemnul accepts your kill.
* * * LOW HITPOINT WARNING * * *
You feel sick.
* * * LOW HITPOINT WARNING * * *
You feel very sick.
You see here a rat corpse.
Drink blood from a rat corpse? (ye/n/q/i?) This warm blood tastes delicious!
You feel quite a bit less thirsty.
You stop draining the corpse.
All blood oozes out of the corpse!
* * * LOW HITPOINT WARNING * * *
You feel very sick.
You aren't carrying any potions.
You die...
Yredelemnul claims you as an undead slave.

#......#...#.........
#....#.##+##.#.......
##.#.................. #
#.....#.#z#.#.##......
#.#...........####......
........##z#..####......
................z........
........(##.#..######'###
......)%@.#.#..######....
#.#...#z%z.......(.......
#.....?.......#####....
#......................
.................######.
........##.####.....(...
........ .. .######.
....#.# ... . #.. ...#.#
. ....# #..


You could see 2 friendly worm zombies.

Vanquished Creatures
  Jessica (D:2)
  3 adders
  3 gnolls (D:2)
  6 worms
  A giant gecko (D:1)
  An orc (D:3)
  3 bats
  9 goblins
  6 hobgoblins
  A ball python (D:3)
  3 giant cockroaches
  2 giant newts
  4 kobolds
  10 rats
53 creatures vanquished.

Vanquished Creatures (collateral kills)
  The ghost of mopl the Stinger, a weakling OpVM (D:3)
  An adder (D:2)
  A goblin (D:3)
  A kobold (D:3)
4 creatures vanquished.

Vanquished Creatures (others)
  A giant cockroach zombie (D:3)
  A giant gecko skeleton (D:2)
  A goblin zombie (D:3)
3 creatures vanquished.

Grand Total: 60 creatures vanquished

Notes
Turn   | Place    | Note
--------------------------------------------------------------
     0 | D:1      | PolkaDot, the Vampire Death Knight, began the quest for the Orb.
     0 | D:1      | Reached XP level 1. HP: 16/16 MP: 1/1
   560 | D:1      | Reached XP level 2. HP: 20/22 MP: 2/2
   887 | D:2      | Reached skill level 3 in Short Blades
   894 | D:2      | Noticed Jessica
   912 | D:2      | Killed Jessica
   912 | D:2      | Reached XP level 3. HP: 15/27 MP: 4/4
  1327 | D:2      | Acquired Yredelemnul's second power
  1522 | D:2      | Reached skill level 4 in Short Blades
  1564 | D:2      | Reached XP level 4. HP: 20/34 MP: 5/5
  2079 | D:3      | Noticed mopl's ghost (weakling OpVM)
  2089 | D:3      | Killed mopl's ghost
  2089 | D:3      | Reached XP level 5. HP: 26/41 MP: 3/6
  2738 | D:3      | HP: 1/41 [poisoned by a kobold]
  2739 | D:3      | Succumbed to a kobold's poison

Action                   |  1- 3 |  4- 6 || total
-------------------------+-------+-------++-------
Melee: Short sword       |   136 |   113 ||   249
Invok: Animate Remains   |     1 |     7 ||     8
       Recall Undead Sla |       |     4 ||     4
       Injury Mirror     |       |     1 ||     1
  Use: Potion            |     5 |     2 ||     7
 Stab: Sleeping          |       |     3 ||     3
